 Dungeon Sprint DCSS version 0.21.1-1-g345015f (webtiles) character file.

2700000 Fang the Axe Maniac (level 19, -8/207 HPs)
             Began as a Minotaur Gladiator on June 1, 2018.
             Was an Elder of Makhleb.
             Mangled by a destroyer
             ... wielding a +9 great sword of slicing
              (17 damage)
             ... in the Dungeon (Sprint VIII: "Arena of Blood").
             The game lasted 00:00:51 (27 turns).

Fang the Axe Maniac (Minotaur Gladiator)              Turns: 27, Time: 00:00:51

Health: -8/207     AC:  6    Str: 26    XL:     19   Next: 34%
Magic:  18/36      EV: 29    Int:  5    God:    Makhleb [****..]
Gold:   0          SH:  0    Dex: 13    Spells: 46/46 levels left

rFire    . . .     SeeInvis .   l - +โˆž Axe of Woe
rCold    . . .     Gourm    .   (shield currently unavailable)
rNeg     . . .     Faith    .   b - +0 leather armour
rPois    .         Spirit   .   c - +0 hat
rElec    .         Reflect  .   (no cloak)
rCorr    .         Harm     .   (no gloves)
MR       +....     NoTele   +   (no boots)
Stlth    ++++++....             (no amulet)
HPRegen  0.44/turn              (no ring)
MPRegen  0.25/turn              (no ring)

@: no status effects
A: retaliatory headbutt, horns 2
a: Minor Destruction, Lesser Servant of Makhleb, Major Destruction, Renounce
Religion


You were in the Dungeon.
You worshipped Makhleb.
Makhleb was greatly pleased with you.
You were not hungry.

You visited 1 branch

Inventory:

Hand Weapons
 a - a +0 war axe
 l - the +โˆž Axe of Woe (weapon)
   (You found it in the Dungeon)
Missiles
 d - 3 throwing nets (quivered)
Armour
 b - a +0 leather armour (worn)
 c - a +0 hat (worn)
Scrolls
 k - a scroll of blinking
Potions
 e - a potion of curing
 g - a potion of heal wounds
 h - a potion of haste
 i - 2 potions of magic
 j - a potion of berserk rage
Comestibles
 f - a ration


   Skills:
 O Level 27 Fighting
 O Level 27 Axes
 O Level 27 Throwing
 O Level 27 Armour
 O Level 27 Dodging
 + Level 17.4 Stealth
 + Level 20.2 Unarmed Combat
 + Level 14.0 Spellcasting
 + Level 18.8 Invocations


You had 46 spell levels left.
You didn't know any spells.

Dungeon Overview and Level Annotations

Branches:
Dungeon (1/1)

Altars:
Makhleb


Innate Abilities, Weirdness & Mutations

You reflexively headbutt those who attack you in melee.
You have a pair of horns on your head.


Message History

Makhleb accepts your kill.
You feel better.
Your Stealth skill gained 3 levels and is now at level 17!
Your Unarmed Combat skill gained 4 levels and is now at level 20!
Your Spellcasting skill gained 3 levels and is now at level 14!
Your Invocations skill gained 3 levels and is now at level 18!
You have reached level 19!
You hear a shout! x4
The destroyer blinks!
You hear a shout!
A bag of meat comes into view. It is wielding a +9 war axe.
A bag of meat comes into view. It is wielding a +9 war axe.
You hear a shout! x6
The bag of meat completely misses you. You furiously retaliate!
You headbutt the bag of meat.
You hear a shout!
The destroyer hits you with a +9 great sword of slicing!!!!!
Ouch! That really hurt!
* * * LOW HITPOINT WARNING * * *
You die...

.......#))...#
.......#_)<._# .
......)#).)..#..
.#....)..)_......
......).)###......
....###)...O..###.
..... #.......#
......#.......#
..oOoOo@))......
#..o.OV.........
................
#..oo..o.......#
.o...#........#.
...ยง....o.....#
....##.#.......
.... .. .......


You could see a destroyer, a large bag of meat (inner flame), 3 meat berserkers
and 9 bags of meat.

Vanquished Creatures
  A vampire knight (D)
  4 ogres (D)
  11 orcs (D)
16 creatures vanquished.

Notes
Turn   | Place    | Note
-------+----------+-------------------------------------------
     0 | D        | Found the +โˆž Axe of Woe
     0 | D        | Fang the Minotaur Gladiator began the quest for the Orb.
     0 | D        | Reached XP level 1. HP: 18/18 MP: 0/0
     2 | D        | Noticed a bag of meat
     3 | D        | Noticed a bag of meat
     4 | D        | Noticed a bag of meat
     4 | D        | Noticed a bag of meat
     4 | D        | Noticed a bag of meat
     8 | D        | Became a worshipper of Makhleb the Destroyer
     9 | D        | Killed a bag of meat
     9 | D        | Reached XP level 2. HP: 42/42 MP: 1/1
     9 | D        | Reached XP level 3. HP: 49/49 MP: 2/2
     9 | D        | Reached XP level 4. HP: 57/57 MP: 3/3
     9 | D        | Reached XP level 5. HP: 63/63 MP: 4/4
     9 | D        | Reached XP level 6. HP: 71/71 MP: 5/5
     9 | D        | Reached XP level 7. HP: 78/78 MP: 6/6
     9 | D        | Reached XP level 8. HP: 85/85 MP: 7/7
     9 | D        | Reached XP level 9. HP: 91/91 MP: 8/8
     9 | D        | Reached XP level 10. HP: 99/99 MP: 9/9
     9 | D        | Reached XP level 11. HP: 105/105 MP: 10/10
    10 | D        | Noticed a meat berserker
    10 | D        | Noticed a bag of meat
    10 | D        | Killed a bag of meat
    10 | D        | Reached * piety under Makhleb
    10 | D        | Reached XP level 12. HP: 117/117 MP: 11/11
    10 | D        | Killed a bag of meat
    10 | D        | Reached skill level 15 in Fighting
    10 | D        | Reached XP level 13. HP: 127/127 MP: 12/12
    11 | D        | Noticed a meat berserker
    11 | D        | Noticed a bag of meat
    11 | D        | Killed a bag of meat
    11 | D        | Reached skill level 27 in Axes
    11 | D        | Reached XP level 14. HP: 138/138 MP: 13/13
    12 | D        | Killed a meat berserker
    12 | D        | Reached ** piety under Makhleb
    12 | D        | Reached skill level 27 in Dodging
    12 | D        | Reached XP level 15. HP: 156/156 MP: 14/14
    14 | D        | Killed a meat berserker
    15 | D        | Reached skill level 27 in Fighting
    15 | D        | Reached XP level 16. HP: 183/183 MP: 15/15
    17 | D        | Reached *** piety under Makhleb
    17 | D        | Reached skill level 27 in Throwing
    18 | D        | Noticed a meat berserker
    18 | D        | Noticed a meat berserker
    20 | D        | Killed a meat berserker
    20 | D        | Reached XP level 17. HP: 191/191 MP: 16/16
    21 | D        | Noticed a destroyer
    22 | D        | Killed a meat berserker
    22 | D        | Reached **** piety under Makhleb
    22 | D        | Reached skill level 27 in Armour
    22 | D        | Reached XP level 18. HP: 200/200 MP: 17/17
    22 | D        | Reached skill level 15 in Unarmed Combat
    22 | D        | Reached skill level 10 in Spellcasting
    24 | D        | Noticed a large bag of meat
    24 | D        | Noticed a large bag of meat
    24 | D        | Noticed a meat berserker
    25 | D        | Noticed a meat berserker
    25 | D        | Noticed a destroyer
    25 | D        | Noticed a meat berserker
    26 | D        | Reached skill level 15 in Invocations
    26 | D        | Killed a destroyer
    26 | D        | Reached XP level 19. HP: 154/207 MP: 17/36
    27 | D        | HP: 9/207 [destroyer/+9 great sword of slicing (146)]
    27 | D        | Mangled by a destroyer

Skill      XL: |  1  2  3  4  5  6  7  8  9 10 11 12 13 14 15 16 17 18 |
---------------+-------------------------------------------------------+-----
Fighting       | 12 14 15 16 20 27 | 27.0
Axes           | 20 23 25 27 | 27.0
Throwing       | 9 11 12 13 16 21 27 | 27.0
Dodging        | 18 21 22 24 27 | 27.0
Armour         | 22 27 | 27.0
Stealth        | 17 | 17.4
Unarmed Combat | 20 | 20.2
Spellcasting   | 14 | 14.0
Invocations    | 18 | 18.8

Action                   |  1- 3 |  4- 6 |  7- 9 | 10-12 | 13-15 | 16-18 | 19-21 || total
-------------------------+-------+-------+-------+-------+-------+-------+-------++-------
Melee: Executioner's axe |     1 |       |       |     1 |     4 |     4 |       ||    10
Dodge: Dodged            |       |       |       |       |       |     2 |     1 ||     3
